 Dungeon Crawl Stone Soup version 0.23.2-1-ga50397a (webtiles) character file.

Game seed: 0

18762 HunterAntonescu the Spear-Bearer (level 12, -4/116 HPs)
             Began as a Minotaur Fighter on Mar 1, 2019.
             Was a High Priest of the Shining One.
             Slain by an orc warlord
             ... wielding a +0 dire flail
              (12 damage)
             ... on level 12 of the Dungeon on Apr 24, 2019.
             The game lasted 00:55:06 (10672 turns).

HunterAntonescu the Spear-Bearer (MiFi)            Turns: 10672, Time: 00:55:07

Health: -4/116     AC: 21    Str: 25    XL:     12   Next: 30%
Magic:  20/20      EV:  8    Int:  5    God:    the Shining One [*****.]
Gold:   597        SH:  0    Dex: 11    Spells: 11/11 levels left

rFire    . . .     SeeInvis .   a - +1 trident
rCold    . . .     Gourm    .   (no shield)
rNeg     + + .     Faith    .   e - +1 plate armour
rPois    .         Spirit   .   (helmet restricted)
rElec    .         Reflect  .   B - +0 cloak
rCorr    .         Harm     .   N - +1 pair of gloves
MR       +....                  (no boots)
Stlth    ..........             I - amulet of rage
HPRegen  0.29/turn              p - ring of protection from magic
MPRegen  0.17/turn              w - ring of magical power

@: glowing
A: retaliatory headbutt, horns 2
a: Divine Shield, Cleansing Flame, Summon Divine Warrior, Renounce Religion,
Evoke Berserk Rage


You were on level 12 of the Dungeon.
You worshipped the Shining One.
The Shining One was extremely pleased with you.
You were not hungry.

You visited 2 branches of the dungeon, and saw 12 of its levels.
You also visited: Ossuary.

You collected 597 gold pieces.

Inventory:

Hand Weapons
 a - a +1 trident (weapon)
Armour
 e - a +1 plate armour (worn)
 i - a +0 pair of gloves
 B - a +0 cloak (worn)
 N - a +1 pair of gloves (worn)
Jewellery
 p - a ring of protection from magic (left hand)
 w - a ring of magical power (right hand)
 I - an amulet of rage (around neck)
Wands
 l - a wand of flame (5)
 q - a wand of scattershot (5)
 s - a wand of enslavement (13)
 y - a wand of iceblast (19)
 G - a wand of polymorph (5)
 K - a wand of paralysis (10)
 M - a wand of acid (6)
Scrolls
 b - 2 scrolls of blinking
 c - 4 scrolls of fear
 f - 6 scrolls of identify
 g - 4 scrolls of teleportation
 h - 3 scrolls of magic mapping
 m - a scroll of amnesia {unknown}
 o - 6 scrolls of remove curse
 r - a scroll of enchant weapon
 u - a scroll of random uselessness {unknown}
 v - 3 scrolls of enchant armour
 C - a scroll of torment {unknown}
 E - a scroll of immolation {unknown}
 H - a scroll of silence {unknown}
 J - a scroll of fog {unknown}
 L - a scroll of vulnerability {unknown}
Potions
 d - 2 potions of might
 k - 8 potions of curing
 n - a potion of agility
 x - a potion of invisibility
 z - a potion of haste {unknown}
 A - a potion of mutation {unknown}
 D - a potion of brilliance {unknown}
 F - a potion of magic
Comestibles
 t - 6 rations


   Skills:
 + Level 13.9 Fighting
 - Level 14.0 Polearms
 + Level 13.9 Armour
   Level 3.6 Shields


You had 11 spell levels left.
You didn't know any spells.
Your spell library contained the following spells:

 Spells                   Type           Power        Failure   Level  Hunger
 Animate Skeleton         Necr           N/A          99%         1    ##.....
 Corona                   Hex            #......      99%         1    ##.....
 Magic Dart               Conj           #...         99%         1    ##.....
 Pain                     Necr           #...         99%         1    ##.....
 Blink                    Tloc           N/A          99%         2    ###....
 Call Imp                 Summ           #.......     99%         2    ###....
 Ensorcelled Hibernation  Hex/Ice        #.....       99%         2    ###....
 Slow                     Hex            #.......     99%         2    ###....
 Confuse                  Hex            #.......     100%        3    ####...
 Conjure Flame            Conj/Fire      #.......     100%        3    ####...
 Dazzling Spray           Conj/Hex       #.....       100%        3    ####...
 Mephitic Cloud           Conj/Pois/Air  #.......     100%        3    ####...
 Regeneration             Chrm/Necr      #.........   100%        3    ####...
 Tukima's Dance           Hex            #.......     100%        3    ####...
 Vampiric Draining        Necr           #.........   100%        3    ####...
 Animate Dead             Necr           N/A          100%        4    #####..


Dungeon Overview and Level Annotations

Branches:
Dungeon (12/15)            Temple (0/1) D:5             Orc (1/2) D:12
   Lair: D:8-11

Altars:
Cheibriados
Dithmenos
Elyvilon
Kikubaaqudgha
Okawaru
Sif Muna
Uskayaw
Zin
The Shining One


Innate Abilities, Weirdness & Mutations

You reflexively headbutt those who attack you in melee.
You have a pair of horns on your head.


Message History

You hit the orc warlord.
You headbutt the orc warlord, but do no damage.
The orc warlord is almost dead.
The orc warlord hits you but does no damage.
You hit the orc warlord but do no damage.
The orc warlord is almost dead.
You hit the orc warlord but do no damage.
The orc warlord is almost dead.
The orc warlord hits you but does no damage.
You puncture the orc warlord!
The orc warlord is almost dead.
You hit the orc warlord but do no damage.
Your headbutt misses the orc warlord.
The orc warlord is almost dead.
The orc warlord hits you with a +0 dire flail!!
The Shining One protects you from harm!
You hit the orc warlord. Your headbutt misses the orc warlord.
The orc warlord is almost dead.
The orc warlord hits you with a +0 dire flail!
You die...

### #@# #o#
#[#
############
#.#########
#..........#
#.........#
#..........#
###..>....#
#..........#
#.......#
#..........#
#.......#
#..........#
#.......#


You could see an orc warlord.

Vanquished Creatures
  Harold (D:12)
  5 two-headed ogres
  A centaur warrior (D:12)
  Sonja (D:11)
  Nergalle (D:11)
  2 unseen horrors
  An orc sorcerer (Orc:1)
  A manticore (D:11)
  2 ugly things
  2 gargoyles
  2 trolls
  5 hippogriffs
  Sigmund (D:6)
  A shadow (D:11)
  A wyvern (D:12)
  6 yaks (D:11)
  3 basilisks
  2 hungry ghosts
  Edmund (D:6)
  A warg (D:12)
  A black bear (D:6)
  3 orc warriors
  2 sky beasts
  Purgy (D:3)
  3 ice beasts (D:5)
  6 ogres
  8 centaurs
  A crocodile (D:11)
  9 bullfrogs
  2 big kobolds (D:12)
  An elf zombie (Ossuary)
  2 wyvern skeletons (D:12)
  A water moccasin zombie (D:7)
  4 killer bees (D:12)
  4 scorpions
  2 wights (D:5)
  3 howler monkeys
  2 bullfrog zombies
  8 crimson imps
  A quasit (D:8)
  A centaur zombie (D:8)
  A jelly (D:5)
  4 hounds
  4 bullfrog skeletons
  8 orc priests
  11 orc wizards
  5 centaur skeletons
  Jessica (D:2)
  3 iguanas
  Ijyb (D:4)
  Natasha (thrice) (D:2)
  10 worker ants
  A killer bee zombie (D:10)
  A hound zombie (D:6)
  4 mummies (Ossuary)
  2 hound skeletons
  A howler monkey zombie (D:7)
  Robin (D:2)
  A howler monkey skeleton (D:11)
  11 gnolls
  12 adders
  2 shadow imps
  2 oozes
  2 adder zombies (Ossuary)
  2 adder skeletons
  2 worms
  A dart slug (D:1)
  7 leopard geckos
  48 orcs
  10 bats
  7 giant cockroaches
  2 gnoll zombies
  12 goblins
  12 hobgoblins
  5 jackals
  5 quokkas
  3 ball pythons
  6 frilled lizards
  2 goblin zombies (Ossuary)
  A hobgoblin zombie (Ossuary)
  A jackal skeleton (D:7)
  2 jackal zombies (Ossuary)
  20 kobolds
  A kobold zombie (Ossuary)
  7 rats
  3 rat zombies
355 creatures vanquished.

Vanquished Creatures (others)
  An orc wizard (Orc:1)
1 creature vanquished.

Grand Total: 356 creatures vanquished

Notes
Turn   | Place    | Note
-------+----------+-------------------------------------------
     0 | D:1      | HunterAntonescu the Minotaur Fighter began the quest for
                  | the Orb.
     0 | D:1      | Reached XP level 1. HP: 19/19 MP: 0/0
   274 | D:1      | Reached XP level 2. HP: 27/27 MP: 1/1
   293 | D:1      | Reached skill level 3 in Polearms
   690 | D:1      | Reached XP level 3. HP: 29/33 MP: 2/2
  1203 | D:2      | Identified the +2 helmet "Lunef" {MR+ Dex+5}
  1203 | D:2      | Noticed Robin
  1209 | D:2      | Killed Robin
  1209 | D:2      | Reached skill level 4 in Polearms
  1210 | D:2      | Found a glowing silver altar of Zin.
  1294 | D:2      | Reached XP level 4. HP: 41/41 MP: 3/3
  1360 | D:2      | Found a faded altar of an unknown god.
  1366 | D:2      | Noticed Natasha
  1374 | D:2      | Killed Natasha
  1482 | D:2      | Noticed Natasha
  1493 | D:2      | Killed Natasha
  1510 | D:2      | Reached skill level 5 in Polearms
  1510 | D:2      | Reached XP level 5. HP: 34/47 MP: 4/4
  1513 | D:2      | Noticed Natasha
  1531 | D:2      | Killed Natasha
  1723 | D:2      | Found a snail-covered altar of Cheibriados.
  1937 | D:3      | Noticed Jessica
  1951 | D:2      | Reached skill level 5 in Fighting
  2048 | D:2      | Killed Jessica
  2048 | D:2      | Reached skill level 5 in Armour
  2208 | D:2      | Reached XP level 6. HP: 30/56 MP: 5/5
  2250 | D:3      | Reached skill level 6 in Polearms
  2543 | D:3      | Noticed Purgy
  2552 | D:3      | Killed Purgy
  2635 | D:3      | Reached XP level 7. HP: 54/62 MP: 6/6
  2690 | D:3      | Found an ancient bone altar of Kikubaaqudgha.
  2738 | D:3      | Found a glowing golden altar of the Shining One.
  2749 | D:3      | Became a worshipper of the Shining One
  2949 | D:4      | Reached skill level 7 in Polearms
  3327 | D:4      | Found a deep blue altar of Sif Muna.
  3541 | D:4      | Reached skill level 8 in Polearms
  3580 | D:4      | Noticed Ijyb
  3580 | D:4      | Reached * piety under the Shining One
  3594 | D:4      | Killed Ijyb
  3846 | D:4      | Reached XP level 8. HP: 71/71 MP: 7/7
  3875 | D:5      | Entered Level 5 of the Dungeon
  3952 | D:5      | Reached skill level 9 in Polearms
  4120 | D:5      | Reached skill level 10 in Polearms
  4151 | D:5      | Found a sand-covered staircase.
  4170 | Ossuary  | Entered an ossuary
  4170 | Ossuary  | Reached ** piety under the Shining One
  4388 | D:5      | Reached *** piety under the Shining One
  4390 | D:5      | Reached XP level 9. HP: 81/81 MP: 8/8
  4763 | D:5      | Found a staircase to the Ecumenical Temple.
  5094 | D:6      | Reached skill level 11 in Polearms
  5277 | D:6      | Noticed Sigmund
  5287 | D:6      | Killed Sigmund
  5520 | D:6      | Noticed Edmund
  5530 | D:6      | Killed Edmund
  5576 | D:6      | Found a shadowy altar of Dithmenos.
  5944 | D:7      | Reached skill level 12 in Polearms
  5980 | D:7      | Reached XP level 10. HP: 75/91 MP: 9/9
  6120 | D:7      | Found a white marble altar of Elyvilon.
  6206 | D:7      | Reached **** piety under the Shining One
  6404 | D:7      | Found an iron altar of Okawaru.
  6862 | D:8      | You fall through a shaft for 2 floors!
  6862 | D:10     | Entered Level 10 of the Dungeon
  6961 | D:10     | Noticed a two-headed ogre
  6967 | D:10     | Killed a two-headed ogre
  6967 | D:10     | Reached skill level 10 in Fighting
  6967 | D:10     | Reached skill level 10 in Armour
  7015 | D:10     | Noticed a white ugly thing
  7028 | D:10     | Killed a white ugly thing
  7028 | D:10     | Reached skill level 13 in Polearms
  7214 | D:10     | Reached ***** piety under the Shining One
  7318 | D:10     | Noticed a gargoyle
  7333 | D:10     | Killed a gargoyle
  7834 | D:11     | Noticed Nergalle
  7852 | D:11     | Killed Nergalle
  7852 | D:11     | Reached XP level 11. HP: 101/101 MP: 10/10
  7854 | D:11     | Found a hide-covered altar of Uskayaw.
  7893 | D:11     | Reached skill level 14 in Polearms
  8170 | D:11     | Noticed a two-headed ogre
  8170 | D:11     | Noticed an unseen horror
  8176 | D:11     | Killed an unseen horror
  8180 | D:11     | Killed a two-headed ogre
  8234 | D:11     | Noticed a two-headed ogre
  8243 | D:11     | Killed a two-headed ogre
  8257 | D:11     | Noticed a green ugly thing
  8268 | D:11     | Killed a green ugly thing
  8270 | D:11     | Noticed Sonja
  8552 | D:11     | Killed Sonja
  8963 | D:12     | Noticed an unseen horror
  8966 | D:12     | Killed an unseen horror
  9026 | D:12     | Noticed a centaur warrior
  9040 | D:12     | Killed a centaur warrior
  9102 | D:12     | Upgraded the game from 0.23.1 to 0.23.2-1-ga50397a
  9142 | D:12     | Found a staircase to the Orcish Mines.
  9464 | D:12     | Reached XP level 12. HP: 115/115 MP: 11/11
  9600 | Orc:1    | Entered Level 1 of the Orcish Mines
  9606 | Orc:1    | Noticed a two-headed ogre
  9608 | Orc:1    | Noticed Harold
  9632 | D:12     | Killed a two-headed ogre
 10031 | Orc:1    | Noticed an orc warlord
 10039 | D:12     | Killed Harold
 10286 | Orc:1    | Noticed a two-headed ogre
 10465 | D:12     | Killed a two-headed ogre
 10671 | D:12     | The Shining One protects you from harm!
 10672 | D:12     | Slain by an orc warlord

Skill      XL: |  1  2  3  4  5  6  7  8  9 10 11 |
---------------+----------------------------------+-----
Polearms       | 3 4 5 6 8 10 12 13 14 | 14.0
Armour         | 4 5 6 7 9 10 13 | 13.9
Fighting       | 4 5 6 7 9 10 13 | 13.9
Shields        | |  3.6

Action                   |  1- 3 |  4- 6 |  7- 9 | 10-12 || total
-------------------------+-------+-------+-------+-------++-------
Melee: Trident           |   118 |   164 |   427 |   549 ||  1258
       Headbutt          |     5 |    20 |    62 |   104 ||   191
Invok: Divine Shield     |       |       |       |     1 ||     1
 Abil: Evoke Berserk Rag |       |       |       |     2 ||     2
Evoke: Wand              |       |       |       |     1 ||     1
  Use: Scroll            |     3 |       |     4 |     3 ||    10
       Potion            |       |     1 |     2 |     8 ||    11
  Eat: Ration            |     1 |     1 |     3 |     5 ||    10
       Chunk             |       |       |     1 |     2 ||     3
Armor: Scale mail        |    44 |       |       |       ||    44
       Plate armour      |     4 |   104 |   181 |   209 ||   498
Dodge: Dodged            |    41 |    50 |   112 |   102 ||   305
Block: Other             |       |       |       |     2 ||     2
